 Dungeon Crawl Stone Soup version 0.28-a0-1080-g05a166d0ed (webtiles) character file.

Game seed: 9348360790033604456

200081 bearlyready the Brawler (level 17, -35/153 (170) HPs)
             Began as a Troll Fighter on Dec 9, 2021.
             Was the Champion of Ru.
             Shot with a bolt by a yaktaur captain (40 damage)
             ... summoned by a boggart
             ... on level 1 of the Vaults.
             The game lasted 01:26:50 (31276 turns).

bearlyready the Brawler (Troll Fighter)            Turns: 31276, Time: 01:26:50

HP:   -35/153 (170) AC: 13    Str: 34    XL:     17   Next: 86%
MP:   10/16         EV:  7    Int:  4    God:    Ru [******]
Gold: 2072          SH: 15    Dex:  9    Spells: 16/16 levels left

rFire   . . .      SeeInvis .     - Unarmed
rCold   + . .      Faith    .   T - +1 tower shield of the Turtle {rPois rC+}
rNeg    . . .      Spirit   .   S - +2 troll leather armour {Snorg}
rPois   +          Reflect  .   (helmet restricted)
rElec   .          Harm     .   l - scarf {repulsion}
rCorr   .          Rampage  .   (gloves unavailable)
Will    +....                   (boots unavailable)
Stlth   ..........              j - amulet of regeneration
HPRegen 2.75/turn               a - +4 ring of slaying
MPRegen 0.15/turn               H - +4 ring of protection

@: exhausted, about to teleport, marked, unable to drink, studying 2 skills,
heavily drained, repel missiles
A: large, unfitting armour, claws 3, regeneration 1, shaggy fur 1, tough skin 1,
no potion heal 1, inability to drink while threatened, no stealth, inability to
train dodging, no fire magic, no translocations magic, no transmutations magic,
disrupted magic 1, unskilled 1
}: 1/15 runes: barnacled
a: Renounce Religion, Draw Out Power, Power Leap, Apocalypse


You were on level 1 of the Vaults.
You worshipped Ru.
Ru was exalted by your worship.
You visited 7 branches of the dungeon, and saw 32 of its levels.
You also visited: Sewer and Ice Cave.

You collected 3581 gold pieces.
You spent 1509 gold pieces at shops.

Inventory:

Missiles
 g - 8 throwing nets
 n - 21 large rocks (quivered)
 s - 40 boomerangs
 y - 2 boomerangs of dispersal
 D - 190 poisoned darts
 F - 4 javelins
 G - a curare-tipped dart
 M - 2 silver boomerangs
Armour
 l - a scarf of repulsion (worn)
 E - +0 fire dragon scales
 Q - +0 acid dragon scales
 R - a scarf of harm
 S - a +2 troll leather armour (worn) {Snorg}
 T - the +1 tower shield of the Turtle (worn) {rPois rC+}
   (You acquired it on level 14 of the Dungeon)

   rC:        It protects you from cold.
   rPois:     It protects you from poison.
Jewellery
 a - a +4 ring of slaying (left claw)
 c - a ring of see invisible
 e - the amulet of Amopnuc {Faith rPois}
   (You found it on level 1 of the Spider Nest)

   [amulet of faith]

   It allows you to gain divine favour quickly.
   rPois:     It protects you from poison.
 i - a ring of flight
 j - an amulet of regeneration (around neck)
 C - a ring of protection from fire
 H - a +4 ring of protection (right claw)
 X - a ring of poison resistance
Wands
 f - a wand of paralysis (2)
 h - a wand of charming (5)
 L - a wand of flame (15)
 Y - a wand of polymorph (2)
 Z - a wand of acid (4)
Scrolls
 b - 2 scrolls of magic mapping
 t - a scroll of silence
 v - 8 scrolls of teleportation
 w - 5 scrolls of amnesia
 x - 5 scrolls of vulnerability
 z - 4 scrolls of enchant armour
 B - 7 scrolls of enchant weapon
 N - 2 scrolls of fog
 O - 2 scrolls of torment
 P - 3 scrolls of blinking
 U - 7 scrolls of identify
Potions
 d - 6 potions of flight
 k - 8 potions of curing
 m - 5 potions of attraction
 o - 2 potions of berserk rage
 p - 5 potions of mutation
 q - 6 potions of resistance
 r - 5 potions of brilliance
 u - 5 potions of heal wounds
 J - 4 potions of ambrosia
 V - 2 potions of lignification
 W - 2 potions of haste
Miscellaneous
 A - a phial of floods


   Skills:
 + Level 11.4 Fighting
 + Level 15.0 Throwing
 - Level 6.0 Armour
   Level 0.0 Dodging
 + Level 9.6 Shields
 + Level 18.9 Unarmed Combat


You had 16 spell levels left.
You didn't know any spells.
Your spell library contained the following spells:

 Spells                   Type           Power      Damage    Failure   Level
 Magic Dart               Conj           0%         1d3       93%         1
 Shock                    Conj/Air       0%         1d3       93%         1
 Summon Small Mammal      Summ           0%         N/A       93%         1
 Call Imp                 Summ           0%         N/A       98%         2
 Ensorcelled Hibernation  Hex/Ice        0%         N/A       98%         2
 Static Discharge         Conj/Air       0%         N/A       98%         2
 Sublimation of Blood     Necr           0%         N/A       98%         2
 Call Canine Familiar     Summ           0%         N/A       100%        3
 Mephitic Cloud           Conj/Pois/Air  0%         N/A       100%        3
 Summon Guardian Golem    Hex/Summ       0%         N/A       100%        3
 Swiftness                Air            0%         N/A       100%        3
 Tukima's Dance           Hex            0%         N/A       100%        3
 Airstrike                Air            0%         N/A       100%        4
 Animate Dead             Necr           0%         N/A       100%        4
 Dispel Undead            Necr           0%         3d6       100%        4
 Leda's Liquefaction      Hex/Erth       0%         N/A       100%        4
 Summon Ice Beast         Ice/Summ       0%         N/A       100%        4
 Iskenderun's Battlesphe  Conj           0%         2d6       100%        5
 Lee's Rapid Deconstruct  Erth           0%         3d5*      100%        5
 Lightning Bolt           Conj/Air       0%         1d11      100%        5
 Summon Mana Viper        Hex/Summ       0%         N/A       100%        5
 Iron Shot                Conj/Erth      0%         9d1       100%        6
 Haunt                    Necr/Summ      0%         N/A       100%        7
 Monstrous Menagerie      Summ           0%         N/A       100%        7
 Spellforged Servitor     Conj/Summ      0%         N/A       100%        7
 Infestation              Necr           0%         N/A       100%        8
 Maxwell's Capacitive Co  Air            0%         ∞         100%        8
 Gell's Gravitas          Tloc           Unusable   N/A       N/A         3
 Spider Form              Tmut/Pois      Unusable   N/A       N/A         3
 Teleport Other           Tloc           Unusable   N/A       N/A         3
 Petrify                  Tmut/Erth      Unusable   N/A       N/A         4
 Sticky Flame             Conj/Fire      Unusable   2d3       N/A         4
 Irradiate                Conj/Tmut      Unusable   3d14      N/A         5
 Dispersal                Tloc           Unusable   N/A       N/A         6
 Statue Form              Tmut/Erth      Unusable   N/A       N/A         6

Dungeon Overview and Level Annotations

Branches:
Dungeon (15/15)            Temple (1/1) D:4            Lair (6/6) D:11
 Shoals (4/4) Lair:3       Spider (3/4) Lair:3        Slime (0/5) Lair:6
    Orc (2/2) D:11            Elf (0/3) Orc:2        Vaults (1/5) D:13
 Depths (0/4) D:15          Sewer (visited)           IceCv (visited)

Altars:
Ashenzari
Cheibriados
Dithmenos
Elyvilon
Fedhas
Gozag
Hepliaklqana
Kikubaaqudgha
Makhleb
Nemelex Xobeh
Okawaru
Qazlal
Ru
Sif Muna
Trog
Uskayaw
Vehumet
Wu Jian
Xom
Yredelemnul
Zin
The Shining One

Shops:
D:1 !   D:4 !   D:7 *   D:9 (   D:10 (   Orc:2 *([=

Annotations:
D:3 1 runed translucent door, Crazy Yiuf
Lair:2 2 transporters, Resaj's ghost, journeyman MiBe
Lair:6 1 runed translucent door, Atlas's ghost, journeyman FeTm
Shoals:2 2 runed translucent doors, Foghituj's ghost, adept TrMo
Shoals:3 1 runed translucent door, Louise


Innate Abilities, Weirdness & Mutations

You are too large for most types of armour.
You have claws for hands.
Your natural rate of healing is unusually fast.
You are covered in fur. (AC +1)
You have tough skin. (AC +1)
Potions are less effective at restoring your health.
You sometimes lose the ability to drink potions when taking damage.
You cannot be stealthy.
You cannot train Dodging skill.
You cannot study or cast Fire magic.
You cannot study or cast Translocations magic.
You cannot study or cast Transmutations magic.
Your casting is slightly disrupted.
You are somewhat unskilled. (-1 Apt)


Message History

Press: ? - help, Q - select action, (/) - cycle Shift-Dir - straight line, f - wizard, p - dire elephant
Aim: a wizard, wielding a +0 dagger and wearing a +0 robe (64% to hit)
You throw a large rock. The large rock hits the wizard!!
The wizard is almost dead.
The deep elf death mage beckons forth a restless soul!
The yaktaur captain shoots a bolt.
The bolt hits you!
* * * LOW HITPOINT WARNING * * *
You block the vault guard's attack.
The vault guard enters a dispersal trap!
The wizard blinks!
The lost soul blinks! x2; The deep elf death mage blinks!
The vault guard blinks! x2; The yaktaur captain blinks!
The vault guard blinks!
The lost soul blinks!
The vault guard blinks!
The vault sentinel blinks!
The dire elephant blinks!
The vault warden blinks!
The dire elephant blinks!
The wizard blinks!
The yaktaur captain blinks!
The dire elephant blinks!
You blink.
The vault guard blinks!
The deep elf high priest is stunned by your conviction and fails to attack.
You claw the vault sentinel!
You kill the vault sentinel!
The vault sentinel's corpse dissolves into shadows!
The cyan ugly thing seems to regain its courage.
The deep elf death mage enters a dispersal trap!
The wizard blinks!
The lost soul blinks!
The vault guard blinks!
The vault warden blinks!
The dire elephant blinks!
The vault warden blinks!
The dire elephant blinks!
The vault guard blinks! x2
The dire elephant blinks!
The lost soul blinks!
The vault guard blinks!
The dire elephant blinks!
The yaktaur captain blinks!
The wizard blinks!
The deep elf high priest blinks!
You blink.
The deep elf death mage blinks!
You hear some strange, mumbled words.
You redirect the ironbound preserver's attack!
The vault guard hits you from afar with a +2 bardiche!
* * * LOW HITPOINT WARNING * * *
You hear some strange, mumbled words.
You see here a large rock.
As you read the scroll of teleportation, it crumbles to dust.
You feel strangely unstable.
The dire elephant seems to regain its courage.
The vault guard hits you from afar with a +2 bardiche!!
* * * LOW HITPOINT WARNING * * *
The yaktaur captain shoots a bolt.
The bolt hits you!!!
You die...

#.......# #..... #.......#
#..... #.Y.....# #.....
#.......# #..... #.......#
#..... #.......# #...).
#.......# #.....
##+##########+####'#####'##
#.*..*.c§?@§p.#...........#
#.p..p....e.§(#.$.........#
#....C.....p.)+...........#
..'.C...p..*^(§.+...........#
..#..p..p....§.Y#...........#
. #..§§up.....§.#...........#
#[D§..§.§§Y...#############
#.u..YC.p.....#
#####(#########


You could see 3 dire elephants, an ironbound preserver, a stone giant, 2 vault
wardens, a yaktaur captain (summoned), 4 vault guards, a deep elf death mage, a
cyan ugly thing, an ettin, a wizard and 2 lost souls.

Vanquished Creatures
  Arachne (Spider:3)
  Agnes (D:15)
  5 krakens
  2 sphinxes
  Ilsuiw (Shoals:3)
  2 frost giants
  Aizul (Lair:3)
  A ghost moth (shapeshifter) (D:13)
  An ironbound preserver (Vaults:1)
  Nessos (Orc:2)
  An entropy weaver (Spider:2)
  A spark wasp (Spider:3)
  Azrael (D:13)
  An ettin (D:13)
  Josephine (D:14)
  Snorg (D:14)
  2 merfolk javelineers (Shoals:3)
  A fire dragon (Lair:6)
  8 merfolk impalers
  5 hydras
  2 vault guards (Vaults:1)
  3 catoblepae
  An ice dragon (IceCv)
  4 boulder beetles
  5 centaur warriors
  A death knight (D:13)
  4 ogre magi (Orc:2)
  4 merfolk aquamancers (Shoals:3)
  3 merfolk avatars
  3 alligator snapping turtles
  15 satyrs
  23 two-headed ogres
  3 tengu warriors
  3 death yaks (Lair:5)
  5 deep trolls (Vaults:1)
  9 sea snakes
  8 skeletal warriors
  A lindwurm (Lair:6)
  7 harpies
  4 deep elf pyromancers
  A mana viper (shapeshifter) (D:13)
  7 wolf spiders
  An orc sorcerer (Orc:1)
  2 ironbound convokers (Vaults:1)
  2 orc knights
  2 oklob plants (D:13)
  3 orb spiders
  6 cyclopes
  19 ugly things
  15 manticores
  18 fauns
  14 merfolk sirens
  3 elephants (Lair:5)
  12 cane toads
  A black mamba (Lair:6)
  5 water nymphs
  5 torpor snails (Lair:6)
  A gargoyle (D:12)
  An ice statue (IceCv)
  5 rime drakes
  2 unseen horrors
  4 yaktaurs (D:14)
  A kobold demonologist (D:8)
  7 komodo dragons
  A yaktaur (shapeshifter) (D:13)
  8 demonic crawlers
  50 merfolk
  5 trolls
  4 tyrant leeches (Lair:6)
  A polar bear (Lair:3)
  A queen bee (D:13)
  9 jumping spiders
  5 wind drakes
  3 meliai (D:13)
  13 hornets
  16 slime creatures
  Grinder (D:3)
  4 dream sheep (Shoals:3)
  24 blink frogs
  5 snapping turtles
  A raiju (shapeshifter) (D:13)
  A centaur simulacrum (D:14)
  Sigmund (D:3)
  2 shadows
  29 redbacks
  10 tarantellas
  2 vampires
  9 water elementals
  2 wyverns
  42 yaks
  5 wraiths
  2 fire elementals (D:13)
  2 basilisks
  4 vampire mosquitoes (D:10)
  A steam dragon (shapeshifter) (D:13)
  3 wargs
  Duvessa (D:7)
  2 acid dragons
  2 hell hounds (D:13)
  14 water moccasins
  10 orc warriors
  A black bear (shapeshifter) (D:14)
  3 ice beasts
  3 black bears
  A hornet zombie (D:6)
  30 ogres
  A necrophage (D:6)
  3 boggarts (Vaults:1)
  12 centaurs
  6 wolves (Lair:3)
  A phantom (D:6)
  3 kobold brigands
  Blork the orc (D:4)
  A wyvern zombie (D:8)
  12 bullfrogs
  A scorpion (D:6)
  A water moccasin zombie (D:5)
  Dowan (D:7)
  A water moccasin skeleton (D:5)
  43 killer bees
  3 lindwurm simulacra (IceCv)
  A howler monkey (D:9)
  3 wights (D:10)
  An electric eel (Lair:1)
  5 centaur zombies
  A komodo dragon simulacrum (IceCv)
  3 hounds
  13 orc priests
  A centaur skeleton (D:6)
  A gnoll shaman (D:8)
  6 jellies
  2 bullfrog skeletons (D:6)
  Jessica (D:3)
  12 orc wizards
  3 iguanas
  11 hell rats (Lair:2)
  2 killer bee zombies
  2 hound skeletons
  3 howler monkey zombies
  8 gnolls
  13 river rats
  9 acid dragon simulacra (IceCv)
  7 adders
  A shadow imp (D:8)
  13 white imps
  6 steam dragon simulacra (IceCv)
  7 worms
  3 dart slugs
  48 orcs
  8 ball pythons
  11 bats
  11 endoplasms
  10 giant cockroaches
  10 goblins
  6 hobgoblins
  11 jackals
  21 kobolds
  7 quokkas
  7 frilled lizards
  A quokka skeleton (D:4)
  19 rats
  15 tentacles
1029 creatures vanquished.

Vanquished Creatures (collateral kills)
  A rime drake (IceCv)
  An ogre (Orc:2)
  A komodo dragon simulacrum (IceCv)
  A steam dragon simulacrum (IceCv)
4 creatures vanquished.

Vanquished Creatures (others)
  An entropy weaver (Vaults:1)
  A minotaur (Shoals:4)
  A hydra (Lair:5)
  A catoblepas (Lair:4)
  A two-headed ogre (Orc:1)
  A sea snake (Shoals:4)
  2 fauns
  A merfolk siren (Shoals:2)
  A rime drake (IceCv)
  A demonic crawler (Spider:3)
  A yak (Lair:6)
  An ogre (Orc:1)
  An orc priest (D:11)
  An orc wizard (D:6)
  A bush (Lair:6)
  17 fungi
  130 plants
  55 tentacles
218 creatures vanquished.

Grand Total: 1251 creatures vanquished

Notes
Turn   | Place    | Note
-------+----------+-------------------------------------------
     0 | D:1      | bearlyready the Troll Fighter began the quest for the Orb.
     0 | D:1      | Reached XP level 1. HP: 22/22 MP: 0/0
    77 | D:1      | Found Oluana's Distillery.
   104 | D:1      | Bought a potion of degeneration for 11 gold pieces
   138 | D:1      | Reached XP level 2. HP: 29/29 MP: 1/1
   162 | D:1      | Reached skill level 3 in Unarmed Combat
   472 | D:1      | Bought a potion of curing for 33 gold pieces
   554 | D:2      | Reached XP level 3. HP: 36/36 MP: 2/2
   630 | D:2      | Reached skill level 4 in Unarmed Combat
   879 | D:2      | Found a shimmering blue altar of Sif Muna.
   889 | D:2      | Reached XP level 4. HP: 44/44 MP: 3/3
   959 | D:2      | Found a faded altar of an unknown god.
  1295 | D:3      | Noticed Sigmund
  1303 | D:3      | Killed Sigmund
  1304 | D:3      | Reached skill level 6 in Unarmed Combat
  1304 | D:3      | Reached XP level 5. HP: 43/50 MP: 4/4
  1376 | D:3      | Found a runed translucent door.
  1377 | D:3      | Noticed Crazy Yiuf
  1458 | D:3      | Noticed Jessica
  1464 | D:3      | Killed Jessica
  1465 | D:3      | Reached XP level 6. HP: 58/59 MP: 5/5
  1730 | D:3      | Found a stormy altar of Qazlal.
  1807 | D:3      | Found an opulent altar of Gozag.
  1935 | D:3      | Noticed Grinder
  1949 | D:3      | Reached skill level 7 in Unarmed Combat
  1952 | D:3      | Killed Grinder
  1953 | D:3      | Reached XP level 7. HP: 42/66 MP: 6/6
  2187 | D:4      | Reached skill level 8 in Unarmed Combat
  2592 | D:4      | Found a staircase to the Ecumenical Temple.
  2656 | D:4      | Noticed Blork the orc
  2661 | D:4      | Killed Blork the orc
  2662 | D:4      | Reached skill level 9 in Unarmed Combat
  2720 | Temple   | Entered the Ecumenical Temple
  2777 | Temple   | Became a worshipper of Ru the Awakened
  2861 | D:4      | Noticed an angel
  2862 | D:4      | Found a glowing silver altar of Zin.
  3154 | D:4      | Found Huti's Distillery.
  3169 | D:4      | Bought a potion of heal wounds for 60 gold pieces
  3220 | D:5      | Entered Level 5 of the Dungeon
  3231 | D:5      | Reached XP level 8. HP: 72/74 MP: 7/7
  3381 | D:5      | Reached skill level 10 in Unarmed Combat
  3500 | D:5      | Identified the +0 pair of gloves "Vovigiu" {rElec rPois
                  | Dex-2 Stlth+}
  3981 | D:6      | Reached skill level 11 in Unarmed Combat
  4027 | D:6      | Found a glowing drain.
  4035 | Sewer    | Entered a sewer
  4059 | Sewer    | Gained mutation: You cannot study or cast Fire magic. [Ru
                  | sacrifice]
  4059 | Sewer    | Gained mutation: You cannot study or cast Transmutations
                  | magic. [Ru sacrifice]
  4059 | Sewer    | Gained mutation: You cannot study or cast Translocations
                  | magic. [Ru sacrifice]
  4059 | Sewer    | Reached * piety under Ru
  4430 | D:6      | Reached XP level 9. HP: 51/80 MP: 8/8
  4489 | D:6      | Reached skill level 12 in Unarmed Combat
  4667 | D:6      | Reached skill level 13 in Unarmed Combat
  4699 | D:6      | Found a radiant altar of Vehumet.
  4843 | D:6      | Reached skill level 1 in Throwing
  5272 | D:7      | Found an ornate altar of the Wu Jian Council.
  5280 | D:7      | Noticed Dowan
  5282 | D:7      | Noticed Duvessa
  5293 | D:7      | Killed Duvessa
  5294 | D:7      | Reached XP level 10. HP: 83/91 MP: 9/9
  5294 | D:7      | Killed Dowan
  5375 | D:7      | Found Umulylopt's Neck Hole.
  5432 | D:7      | Found a broken altar of Ashenzari.
  5990 | D:8      | Gained mutation: You cannot be stealthy. [Ru sacrifice]
  6060 | D:8      | Noticed an orange demon
  6244 | D:8      | Noticed a smoke demon
  6247 | D:8      | Reached skill level 14 in Unarmed Combat
  6389 | D:8      | Reached skill level 5 in Fighting
  6541 | D:8      | Reached skill level 5 in Throwing
  6690 | D:8      | Noticed a cyclops
  6703 | D:8      | Killed a cyclops
  6878 | D:9      | Reached XP level 11. HP: 105/105 MP: 10/10
  6907 | D:9      | Found Unkun's Hydra Hut.
  6911 | D:9      | Noticed a seven-headed hydra
  7142 | D:9      | Found an ancient bone altar of Kikubaaqudgha.
  7143 | D:9      | Found a shimmering blue altar of Sif Muna.
  7212 | D:9      | Noticed a two-headed ogre
  7226 | D:9      | Killed a two-headed ogre
  7353 | D:9      | Identified the +1 scale mail of the Hidden Mystics {Harm
                  | rC- SInv}
  7583 | D:10     | Entered Level 10 of the Dungeon
  7623 | D:10     | Reached skill level 15 in Unarmed Combat
  7968 | D:10     | Found Voaggyir's Antique Weapon Shop.
  8356 | D:10     | Gained mutation: You are somewhat unskilled. (-1 Apt) [Ru
                  | sacrifice]
  8356 | D:10     | Reduced skill Unarmed Combat to level 14
  8356 | D:10     | Reached ** piety under Ru
  8356 | D:10     | Reached *** piety under Ru
  8499 | D:11     | Found a staircase to the Lair.
  8812 | D:11     | Noticed a skeletal warrior
  8878 | D:11     | Killed a skeletal warrior
  9209 | D:11     | Noticed a skeletal warrior
  9209 | D:11     | Noticed a skeletal warrior
  9231 | D:11     | Killed a skeletal warrior
  9241 | D:11     | Killed a skeletal warrior
  9418 | D:11     | Found a staircase to the Orcish Mines.
 10082 | D:12     | Noticed a two-headed ogre
 10084 | D:12     | Killed a two-headed ogre
 10085 | D:12     | Reached XP level 12. HP: 115/115 MP: 11/11
 10775 | D:12     | Noticed a two-headed ogre
 10786 | D:12     | Killed a two-headed ogre
 11233 | D:12     | Gained mutation: Your casting is slightly disrupted. [Ru
                  | sacrifice]
 11450 | D:13     | Found a gate to the Vaults.
 11529 | D:13     | Found a frozen archway.
 11556 | IceCv    | Entered an ice cave
 11888 | IceCv    | Noticed an ice dragon
 11908 | IceCv    | Killed an ice dragon
 11909 | IceCv    | Reached skill level 15 in Unarmed Combat
 11995 | IceCv    | Identified the ring "Vaxobak" {rC- Str+5 Int+6}
 12319 | D:13     | Noticed a two-headed ogre
 12322 | D:13     | Killed a two-headed ogre
 12385 | D:13     | Noticed a centaur warrior
 12392 | D:13     | Killed a centaur warrior
 12471 | D:13     | Noticed Azrael
 12540 | Lair:1   | Entered Level 1 of the Lair of Beasts
 13702 | Lair:2   | Noticed a seven-headed hydra
 13706 | Lair:2   | Killed a seven-headed hydra
 13707 | Lair:2   | Reached XP level 13. HP: 128/128 MP: 12/12
 13713 | Lair:2   | Gained mutation: You sometimes lose the ability to drink
                  | potions when taking damage. [Ru sacrifice]
 13713 | Lair:2   | Reached **** piety under Ru
 13713 | Lair:2   | Reached ***** piety under Ru
 13749 | Lair:2   | Reached skill level 1 in Armour
 14184 | Lair:2   | Found a transporter.
 14186 | Lair:2   | Noticed Resaj's ghost (journeyman MiBe)
 14594 | Lair:2   | Found a transporter.
 15291 | Lair:3   | Found a staircase to the Shoals.
 15485 | Lair:3   | Found a hole to the Spider Nest.
 15827 | Shoals:1 | Entered Level 1 of the Shoals
 17542 | Lair:6   | Entered Level 6 of the Lair of Beasts
 17542 | Lair:6   | Found a staircase to the Slime Pits.
 18012 | Lair:6   | Reached XP level 14. HP: 140/140 MP: 13/13
 18065 | Lair:6   | Found a runed translucent door.
 18065 | Lair:6   | Found a shimmering altar of Xom.
 18065 | Lair:6   | Noticed Atlas's ghost (journeyman FeTm)
 18513 | Lair:6   | Found a runed translucent door.
 18583 | Lair:6   | Paralysed by a hornet for 2 turns
 19323 | D:13     | Killed Azrael
 19458 | D:13     | Gained mutation: Potions are less effective at restoring
                  | your health. [Ru sacrifice]
 19477 | D:13     | Reached skill level 16 in Unarmed Combat
 19635 | D:13     | Reached skill level 5 in Shields
 19801 | D:13     | Noticed a frost giant
 19908 | Orc:1    | Entered Level 1 of the Orcish Mines
 19986 | Orc:1    | Paralysed by an orc sorcerer for 5 turns
 19994 | Orc:1    | Reached skill level 5 in Dodging
 20277 | Orc:2    | Entered Level 2 of the Orcish Mines
 20340 | Orc:1    | Reached skill level 10 in Throwing
 20580 | Orc:2    | Found a staircase to the Elven Halls.
 20583 | Orc:2    | Noticed Nessos
 20594 | Orc:2    | Killed Nessos
 21105 | Orc:2    | Reached skill level 5 in Armour
 21157 | Orc:1    | Reached XP level 15. HP: 131/149 MP: 14/14
 21215 | Orc:2    | Paralysed by an ogre mage for 7 turns
 21398 | Orc:2    | Reached skill level 10 in Fighting
 21454 | Orc:2    | Found Urum's Jewellery Emporium.
 21454 | Orc:2    | Found Temabuusme's Armour Boutique.
 21455 | Orc:2    | Found Zootuss's Antique Weapon Boutique.
 21455 | Orc:2    | Found Gughaamm's Assorted Antiques.
 21477 | Orc:2    | Bought a scroll of blinking for 157 gold pieces
 21488 | Orc:2    | Bought a +4 ring of slaying for 1248 gold pieces
 21909 | D:13     | Killed a frost giant
 21976 | D:13     | Gained mutation: You cannot train Dodging skill. [Ru
                  | sacrifice]
 21976 | D:13     | Reached ****** piety under Ru
 22567 | D:14     | Noticed Josephine
 22572 | D:14     | Killed Josephine
 22900 | D:14     | Noticed Snorg
 22905 | D:14     | Killed Snorg
 22929 | D:14     | Reached skill level 17 in Unarmed Combat
 22939 | D:14     | Identified a scroll of acquirement
 23416 | D:15     | Entered Level 15 of the Dungeon
 23456 | D:14     | Acquired the +1 tower shield of the Turtle {rPois rC+}
 23475 | D:15     | Noticed Agnes
 23772 | D:15     | Killed Agnes
 24099 | D:15     | Noticed a frost giant
 24105 | D:15     | Killed a frost giant
 24130 | D:15     | Found a staircase to the Depths.
 24228 | D:13     | Noticed a ghost moth
 24232 | D:13     | Killed a ghost moth
 24335 | Spider:1 | Entered Level 1 of the Spider Nest
 24335 | Spider:1 | Noticed Aizul
 24348 | Lair:3   | Killed Aizul
 24560 | Spider:1 | Acquired a manual of Throwing
 24592 | Spider:1 | Identified the amulet of Amopnuc {Faith rPois}
 25003 | Spider:2 | Identified the +12 morningstar "Xohatuw" {venom, Will+
                  | Str-4 Dex+4 Stlth+}
 25063 | Spider:2 | Reached XP level 16. HP: 90/158 MP: 15/15
 25919 | Spider:3 | Noticed Arachne
 26395 | Spider:3 | Killed Arachne
 26865 | Shoals:1 | Noticed a kraken
 26888 | Shoals:1 | Killed a kraken
 27139 | Shoals:2 | You fall into a shaft and drop 1 floor!
 27139 | Shoals:3 | Noticed Ilsuiw
 27154 | Shoals:3 | Reached skill level 18 in Unarmed Combat
 27178 | Shoals:3 | Identified the +2 helmet "Itug Fui" {rPois rN+ Will- Str+4}
 27204 | Shoals:2 | Found a large runed translucent door.
 27204 | Shoals:2 | Found a large runed translucent door.
 27378 | Shoals:2 | Noticed Foghituj's ghost (adept TrMo)
 27828 | Shoals:3 | Noticed a kraken
 27851 | Shoals:3 | Killed a kraken
 28128 | Shoals:3 | Killed Ilsuiw
 28410 | Shoals:3 | Noticed a kraken
 28422 | Shoals:3 | Killed a kraken
 28434 | Shoals:3 | Noticed a kraken
 28481 | Shoals:3 | Killed a kraken
 28493 | Shoals:3 | Noticed a kraken
 28575 | Shoals:3 | Reached XP level 17. HP: 134/147 MP: 16/16
 28977 | Shoals:3 | Killed a kraken
 28988 | Shoals:3 | Noticed Louise
 28991 | Shoals:3 | Found a runed translucent door.
 29067 | Shoals:3 | Noticed a kraken
 29326 | Shoals:4 | Entered Level 4 of the Shoals
 29758 | Shoals:3 | Paralysed by a sphinx for 3 turns
 30638 | Shoals:4 | Got a barnacled rune of Zot
 30657 | Shoals:4 | Found the +3 salamander hide armour {Flames rF++ rC--}
 30974 | Vaults:1 | Entered Level 1 of the Vaults
 31260 | Vaults:1 | Reached skill level 15 in Throwing
 31276 | Vaults:1 | HP: 5/153 [vault guard (21)]
 31276 | Vaults:1 | Shot with a bolt by a yaktaur captain

Illustrated notes

Levels and vault maps discovered:
D:1:      psy_arrival_basics, layout_rooms, serial_shops, shop
D:2:      layout_loops_cross, basic_altar, serial_glass, glass_columns_c,
          glass_columns_c, chequers_ecumenical_altar_grove
D:3:      layout_basic, grunt_gozag_statues,
          mainiacjoe_overflow_surrounded_room, minmay_misc_feat_cross,
          uniq_jessica, uniq_sigmund, uniq_grinder, uniq_crazy_yiuf_cottage
D:4:      layout_loops_ring, zin_angel, minmay_temple_entry_glassed_door,
          serial_shops, nicolae_shop_hallway_stairs, serial_bayou_lagoon_a,
          uniq_blork_the_orc
D:5:      layout_basic
D:6:      minmay_clustersquares, layout_cave_pools,
          mainiacjoe_overflow_tiny_flanked, portal_sewer_entry_b,
          minmay_misc_feat_nine_boxes
D:7:      layout_layer_cave, mainiacjoe_overflow_catwalk,
          cheibrodos_ashenzari_chains, minmay_tree_intersection,
          nicolae_shop_sticking_my_neck_out, uniq_duvessa
D:8:      layout_rooms, minmay_manual_macuahuitl
D:9:      minmay_skewed_foursquare, layout_basic,
          nicolae_overflow_hidden_temple, st_stairs_9, doesnt_shop_hydraphobe
D:10:     layout_basic, serial_shops, nicolae_stop_n_shop_1
D:11:     layout_layer_cave, lair_entry_dummy, orc_0_dummy, minmay_crystal_water
D:12:     layout_grid_maze, item_on_display_a
D:13:     regret_index_harrowing_hell_hive, layout_gridville, david_vaults_2,
          portal_ice_cave_entry_imps, uniq_azrael
D:14:     layout_basic, nicolae_benzene_ring, uniq_josephine, uniq_snorg
D:15:     grunt_enter_depths_snipers, layout_rooms, uniq_agnes
Temple:   eino_temple_lava
Lair:1:   layout_layer_cave, serial_bayou_shore_a, infiniplex_staircase_pool_2
Lair:2:   lemuel_ratsnest, layout_layer_cave, gammafunk_ghost_arena,
          grunt_megastairs_5
Lair:3:   layout_small_grid, minmay_shoals_entry_lonely_mermaid,
          dummy_spider_entry, minivault_11, kennysheep_catoblepas_arena,
          infiniplex_staircase_pool, lemuel_fruit_tree, lemuel_fruit_fields
Lair:4:   layout_regular_city, serial_bayou_pond_d, guppyfry_lair_drakes,
          grunt_megastairs_2, lemuel_fruit_fields
Lair:5:   layout_cave_pods
Lair:6:   wormcave, layout_long_grid, minmay_slime_entry_pillars,
          ebering_ghost_xom
Shoals:1: layout_shoals
Shoals:2: layout_shoals, ebering_ghost_disaster_area
Shoals:3: nicolae_shoals_lighthouse, layout_shoals, uniq_louise, uniq_ilsuiw
Shoals:4: shoals_end_hellmonk_lost_city
Spider:1: layout_spider_delve, uniq_aizul
Spider:2: layout_spider_delve, hangedman_spider_tarantella_strand
Spider:3: layout_spider_delve, drop_trap, uniq_arachne
Orc:1:    layout_caves
Orc:2:    st_orc_ogre_mass, layout_caves, uniq_nessos
Vaults:1: hangedman_vaults_locks, st_greater_box_5, vaults_dpeg_cross,
          v_rooms_2, nicolae_vaults_little_squares_3,
          nicolae_vaults_windows_and_doors_thing, v_misc_9, v_misc_12,
          nicolae_vaults_border_crossing, ontoclasm_vaults_fault, v_misc_16,
          nicolae_vaults_circle_grid_b, ontoclasm_vaults_gateway,
          layout_vaults_maze

Skill      XL: |  1  2  3  4  5  6  7  8  9 10 11 12 13 14 15 16 17 |
---------------+----------------------------------------------------+-----
Unarmed Combat | 3 4 6 7 9 11 13 14 14 15 16 17 18 | 18.9
Throwing       | 2 5 7 8 9 10 11 13 15 | 15.0
Fighting       | 3 5 6 8 9 10 11 | 11.4
Armour         | 3 5 6 |  6.0
Shields        | 4 5 6 8 9 |  9.6
Dodging        | 4 5 0 |  0.0

Action                   |  1- 3 |  4- 6 |  7- 9 | 10-12 | 13-15 | 16-18 || total
-------------------------+-------+-------+-------+-------+-------+-------++-------
Melee: Unarmed           |   113 |    86 |   375 |   625 |  1243 |   769 ||  3211
Throw: Dart              |       |     1 |       |    10 |    31 |    11 ||    53
       Boomerang         |       |       |     1 |    32 |    35 |   200 ||   268
       Large rock        |       |       |       |    14 |    29 |    11 ||    54
       Throwing net      |       |       |       |     2 |       |       ||     2
Invok: Sacrifice Arcana  |       |       |     1 |       |       |       ||     1
       Sacrifice Stealth |       |       |       |     1 |       |       ||     1
       Sacrifice Skill   |       |       |       |     1 |       |       ||     1
       Sacrifice Essence |       |       |       |     1 |       |       ||     1
       Sacrifice Drink   |       |       |       |       |     1 |       ||     1
       Power Leap        |       |       |       |       |     1 |     1 ||     2
       Sacrifice Purity  |       |       |       |       |     1 |       ||     1
       Apocalypse        |       |       |       |       |     1 |     8 ||     9
       Draw Out Power    |       |       |       |       |     1 |     2 ||     3
       Sacrifice Nimblen |       |       |       |       |     1 |       ||     1
Evoke: Wand              |       |       |     3 |    11 |     8 |    52 ||    74
       Phial of floods   |       |       |       |     1 |     2 |       ||     3
  Use: Potion            |       |     1 |     1 |    11 |     2 |       ||    15
       Scroll            |       |     1 |     3 |    11 |    19 |    11 ||    45
 Stab: Distracted        |       |       |     1 |       |     7 |     7 ||    15
       Invisible         |       |       |       |       |     8 |     7 ||    15
       Paralysed         |       |       |       |       |    13 |    15 ||    28
Armor: Robe              |    39 |    45 |   130 |   136 |       |       ||   350
       Acid dragon scale |       |       |       |   126 |   212 |       ||   338
       Fire dragon scale |       |       |       |       |   192 |       ||   192
       Troll leather arm |       |       |       |       |    82 |   295 ||   377
Dodge: Dodged            |    37 |    33 |   110 |   178 |   342 |   247 ||   947
       Repelled          |       |       |       |    13 |     5 |     8 ||    26
Block: Kite shield       |    34 |    45 |   133 |   176 |   377 |       ||   765
       Tower shield      |       |       |       |       |    82 |   720 ||   802

Table legend: (Time is in decaauts)
 A = Elapsed time spent in this place.
 B = Non-inter-level travel time spent in this place.
 C = Inter-level travel time spent in this place.
 D = Time resting spent in this place.
 E = Time spent auto-exploring this place.
 F = Levels seen in this place.
 G = Mean time per level.
                   A        B        C        D        E       F      G
               +--------+--------+--------+--------+--------+-----+--------+
         Total |  31444 |  29144 |   2300 |   1889 |  19012 |  34 |  924.8 |
       Dungeon |  14764 |  13585 |   1179 |    537 |   9310 |  15 |  984.3 |
        Temple |     66 |     58 |      8 |      0 |     40 |   1 |   66.0 |
          Lair |   7181 |   6600 |    581 |    132 |   5197 |   6 | 1196.8 |
        Shoals |   4285 |   3998 |    287 |    517 |   1733 |   4 | 1071.2 |
   Spider Nest |   2077 |   1902 |    175 |    183 |   1264 |   3 |  692.3 |
  Orcish Mines |   1825 |   1758 |     67 |    288 |    878 |   2 |  912.5 |
        Vaults |    294 |    294 |      0 |      0 |    197 |   1 |  294.0 |
         Sewer |    328 |    328 |      0 |      0 |    226 |   1 |  328.0 |
      Ice Cave |    621 |    621 |      0 |    232 |    166 |   1 |  621.0 |
               +--------+--------+--------+--------+--------+-----+--------+

Top non-repeatable levels by time:
Shoals:3: 2304 daAuts
    D:11: 1828 daAuts
  Lair:6: 1492 daAuts
    D:12: 1457 daAuts
    D:13: 1440 daAuts
  Lair:2: 1409 daAuts
    D:14: 1357 daAuts
  Lair:1: 1249 daAuts
  Lair:3: 1245 daAuts
Spider:2: 1178 daAuts
   Orc:2: 1108 daAuts
     D:4: 1058 daAuts
     D:8: 1042 daAuts
     D:3: 957 daAuts
  Lair:5: 909 daAuts
